 Dungeon Crawl Stone Soup version 0.21.0-3-g78d12a8 (webtiles) character file.

945 mopl the Carver (level 8, -5/43 (44) HPs)
             Began as a Tengu Skald on Jan 9, 2018.
             Was an Initiate of Okawaru.
             Slain by an ogre
             ... wielding a +0 giant club
              (15 damage)
             ... on level 5 of the Dungeon.
             The game lasted 00:10:02 (3810 turns).

mopl the Carver (Tengu Skald)                       Turns: 3810, Time: 00:10:03

HP:   -5/43 (44)    AC:  4    Str: 12    XL:     8   Next: 13%
MP:   8/12          EV: 12    Int: 13    God:    Okawaru [......]
Gold: 223           SH:  0    Dex: 16    Spells: 0/11 levels left

rFire    + + .     SeeInvis .   a - +0 great sword
rCold    + . .     Gourm    .   (shield currently unavailable)
rNeg     . . .     Faith    .   e - +0 leather armour
rPois    .         Spirit   .   (helmet restricted)
rElec    .         Reflect  .   m - scarf {rC+ rF+}
rCorr    .         Harm     .   l - +0 pair of gloves
MR       .....                  (boots unavailable)
Stlth    +.........             (no amulet)
HPRegen  0.14/turn              y - ring of protection from fire
MPRegen  0.13/turn              (no ring)

@: infused
A: beak, talons 3, able to fly 1
a: Fly, Renounce Religion


You were on level 5 of the Dungeon.
You worshipped Okawaru.
Okawaru was noncommittal.
You were not hungry.

You visited 2 branches of the dungeon, and saw 6 of its levels.

You collected 223 gold pieces.

Inventory:

Hand Weapons
 a - a +0 great sword (weapon)
 b - a +2 dagger of venom
 E - a +0 falchion
Missiles
 w - 14 poisoned needles
 x - 7 javelins (quivered)
 z - 6 tomahawks
Armour
 e - a +0 leather armour (worn)
 l - a +0 pair of gloves (worn)
 m - a scarf of resistance (worn)
 C - a scarf of repulsion
Jewellery
 y - a ring of protection from fire (left hand)
Wands
 B - a wand of iceblast (8)
 G - a wand of polymorph (7)
Scrolls
 f - 2 scrolls of teleportation {unknown}
 g - 3 scrolls of fog {unknown}
 i - 2 scrolls of noise {unknown}
 n - a scroll of immolation {unknown}
 r - 2 scrolls of fear {unknown}
 s - 2 scrolls of remove curse {unknown}
 v - a scroll of magic mapping {unknown}
 D - a scroll of enchant weapon {unknown}
 H - a scroll of brand weapon {unknown}
Potions
 h - a potion of invisibility {unknown}
 o - 2 potions of brilliance {unknown}
 q - 3 potions of curing {unknown}
 A - a potion of lignification {unknown}
 F - a potion of ambrosia {unknown}
Books
 c - a book of Battle

   Spells                             Type                      Level
   a - Infusion                       Charms                       1
   b - Shroud of Golubria             Charms/Translocation         2
   c - Song of Slaying                Charms                       2
   d - Spectral Weapon                Hexes/Charms                 3
   e - Regeneration                   Charms/Necromancy            3
 p - a book of Maledictions

   Spells                             Type                      Level
   a - Corona                         Hexes                        1
   b - Ensorcelled Hibernation        Hexes/Ice                    2
   c - Confuse                        Hexes                        3
   d - Tukima's Dance                 Hexes                        3
   e - Dazzling Spray                 Conjuration/Hexes            3
 t - a book of Cantrips

   Spells                             Type                      Level
   a - Confusing Touch                Hexes                        1
   b - Animate Skeleton               Necromancy                   1
   c - Summon Small Mammal            Summoning                    1
   d - Apportation                    Translocation                1
 u - a book of Minor Magic

   Spells                             Type                      Level
   a - Magic Dart                     Conjuration                  1
   b - Blink                          Translocation                2
   c - Call Imp                       Summoning                    2
   d - Slow                           Hexes                        2
   e - Conjure Flame                  Conjuration/Fire             3
   f - Mephitic Cloud                 Conjuration/Poison/Air       3
Comestibles
 d - 8 rations
 k - 2 chunks of flesh


   Skills:
 + Level 2.0 Fighting
 * Level 10.0 Long Blades
 + Level 1.1 Armour
 + Level 2.2 Dodging
 - Level 2.0 Spellcasting
 + Level 0.0 Hexes
 + Level 2.4 Charms
 + Level 0.0 Necromancy
 + Level 0.1 Translocations
 + Level 0.0 Invocations


You couldn't memorise any spells.
You knew the following spells:

 Your Spells              Type           Power        Failure   Level  Hunger
a - Infusion              Chrm           #...         12%         1    ##.....
b - Song of Slaying       Chrm           #.......     19%         2    ###....
c - Spectral Weapon       Hex/Chrm       #.......     52%         3    ####...
e - Blink                 Tloc           N/A          43%         2    ###....
f - Shroud of Golubria    Chrm/Tloc      #.........   28%         2    ###....
x - Animate Skeleton      Necr           N/A          30%         1    ##.....


Dungeon Overview and Level Annotations

Branches:
Dungeon (5/15)             Temple (1/1) D:5

Altars:
Makhleb
Okawaru
Qazlal
Trog

Annotations:
D:4 bb, Inkary's ghost, amateur BaFi


Innate Abilities, Weirdness & Mutations

You have a beak for a mouth.
You have claws for feet.
You can fly.


Message History

No target in view!
An ogre comes into view. It is wielding a giant club.
Cast which spell? (? or * to list) Space distorts slightly along a thin shroud covering your body.
The ogre shouts!
Casting: Shroud of Golubria
Confirm with . or Enter, or press ? or * to list all spells.
You begin infusing your attacks with magical energy.
You slash the ogre! You claw the ogre, but do no damage.
The ogre is heavily wounded.
The ogre hits you with a giant club!
Your shroud falls apart!
Your leather armour prevents you from hitting the ogre.
The ogre is heavily wounded.
The ogre hits you with a giant club!
* * * LOW HITPOINT WARNING * * *
You barely miss the ogre. Your peck misses the ogre.
The ogre is heavily wounded.
The ogre hits you with a giant club!
You die...

####..###### #######....# #
#..## #####........###
###..# ##...Z.#####..#
.#...# #..##### ###..#
.#.#.#####.## #....###
....>......# #.#.(..###
.....####### ###.#.#(...#
.....# ##...#.#.(..# .....#
####@O###.#(..(# .....###
##....## #.#....#
.......#####..#### #.#....#
.....#........# #.#....#
####.###..###.#######.###.##
###.##..## #.#.........#.#
#......## #.#.........#.#
#.#.#### #...........#
##.#.# ###.........#


You could see an ogre.

Vanquished Creatures
  A phantom (D:5)
  An ice beast (D:5)
  A bullfrog (D:5)
  2 scorpions (D:4)
  The ghost of ReniFell the Insei, a weakling GnTm (D:3)
  A howler monkey (D:5)
  A bullfrog zombie (D:5)
  A bullfrog skeleton (D:5)
  An orc priest (D:5)
  An iguana (D:4)
  2 worker ants
  2 orc wizards
  2 hound skeletons
  4 gnolls (D:5)
  7 adders
  A shadow imp (D:5)
  An ooze (D:2)
  3 dart slugs
  2 leopard geckos
  21 orcs
  5 giant cockroaches
  6 goblins
  10 hobgoblins
  8 jackals
  A quokka (D:3)
  8 bats
  6 frilled lizards
  8 kobolds
  A leopard gecko zombie (D:5)
  9 rats
118 creatures vanquished.

Vanquished Creatures (collateral kills)
  A necrophage (D:5)
  3 orcs (D:3)
4 creatures vanquished.

Grand Total: 122 creatures vanquished

Notes
Turn   | Place    | Note
-------+----------+-------------------------------------------
     0 | D:1      | mopl the Tengu Skald began the quest for the Orb.
     0 | D:1      | Reached XP level 1. HP: 12/12 MP: 4/4
   116 | D:1      | Reached XP level 2. HP: 10/17 MP: 6/6
   118 | D:1      | Reached skill level 3 in Long Blades
   527 | D:1      | Reached XP level 3. HP: 21/21 MP: 7/7
   531 | D:1      | Learned a level 2 spell: Song of Slaying
   534 | D:1      | Learned a level 2 spell: Shroud of Golubria
   819 | D:1      | Reached skill level 4 in Long Blades
   933 | D:2      | Reached XP level 4. HP: 18/26 MP: 8/8
  1300 | D:2      | Reached skill level 5 in Long Blades
  1545 | D:3      | Learned a level 1 spell: Animate Skeleton
  1605 | D:3      | Gained mutation: You can fly. [Tengu growth]
  1605 | D:3      | Reached XP level 5. HP: 18/30 MP: 4/9
  1634 | D:3      | Noticed ReniFell's ghost (weakling GnTm)
  1652 | D:3      | Killed ReniFell's ghost
  1682 | D:3      | Learned a level 2 spell: Blink
  1778 | D:3      | Reached skill level 6 in Long Blades
  2265 | D:4      | Noticed Inkary's ghost (amateur BaFi)
  2327 | D:4      | Reached XP level 6. HP: 35/35 MP: 10/10
  2347 | D:4      | Reached skill level 7 in Long Blades
  2598 | D:5      | Entered Level 5 of the Dungeon
  2769 | D:5      | Noticed a necrophage
  2957 | D:4      | Reached skill level 8 in Long Blades
  2957 | D:4      | Reached XP level 7. HP: 31/40 MP: 6/11
  3171 | D:5      | Reached skill level 9 in Long Blades
  3338 | D:5      | Reached XP level 8. HP: 38/43 MP: 3/12
  3510 | D:4      | Learned a level 3 spell: Spectral Weapon
  3539 | D:5      | Reached skill level 10 in Long Blades
  3719 | D:5      | Found a staircase to the Ecumenical Temple.
  3727 | Temple   | Entered the Ecumenical Temple
  3752 | Temple   | Became a worshipper of Warmaster Okawaru
  3810 | D:5      | Slain by an ogre

Skill      XL: |  1  2  3  4  5  6  7  8 |
---------------+-------------------------+-----
Long Blades    | 3 4 5 6 8 9 10 | 10.0
Fighting       | |  2.0
Armour         | |  1.1
Dodging        | |  2.2
Spellcasting   | |  2.0
Charms         | |  2.4
Translocations | |  0.1

Action                   |  1- 3 |  4- 6 |  7- 9 || total
-------------------------+-------+-------+-------++-------
Melee: Falchion          |     5 |     5 |       ||    10
       Dagger            |    63 |   163 |    32 ||   258
       Kick              |    13 |    39 |    26 ||    78
       Peck              |     9 |    22 |    15 ||    46
       Great sword       |       |       |    44 ||    44
Throw: Tomahawk          |       |       |     2 ||     2
 Cast: Infusion          |     1 |       |     2 ||     3
       Animate Skeleton  |       |     9 |     8 ||    17
       Shroud of Golubri |       |     2 |     2 ||     4
       Song of Slaying   |       |       |     1 ||     1
 Abil: Fly               |       |     2 |       ||     2
 Stab: Sleeping          |       |     3 |     1 ||     4
  Eat: Chunk             |       |     7 |     4 ||    11
Armor: Leather armour    |    14 |    28 |     9 ||    51
Dodge: Dodged            |    42 |    85 |    43 ||   170
       Rpst.: Falchion   |     2 |       |       ||     2
       Great sword       |       |       |     6 ||     6
